 Dungeon Crawl Stone Soup version 0.23.2-1-ga50397a6bc (webtiles) character file.

Game seed: 9709985583063111201

258 Gumption the Cudgeler (level 6, -11/39 HPs)
             Began as a Gargoyle Gladiator on May 27, 2019.
             Mangled by an ogre
             ... wielding a +0 giant club
              (18 damage)
             ... on level 4 of the Dungeon.
             The game lasted 00:14:26 (3343 turns).

Gumption the Cudgeler (Gargoyle Gladiator)          Turns: 3343, Time: 00:14:27

Health: -11/39     AC:  9    Str: 19    XL:     6   Next: 16%
Magic:  6/6        EV: 12    Int:  9    God:
Gold:   107        SH:  0    Dex: 11    Spells: 5/5 levels left

rFire    . . .     SeeInvis .   a - +0 flail
rCold    . . .     Gourm    .   (no shield)
rNeg     + . .     Faith    .   b - +0 leather armour
rPois    ∞         Spirit   .   c - +0 helmet
rElec    +         Reflect  .   (no cloak)
rCorr    .         Harm     .   (no gloves)
MR       .....                  x - +0 pair of boots
Stlth    +.........             (no amulet)
HPRegen  0.13/turn              (no ring)
MPRegen  0.10/turn              (no ring)

@: no status effects
A: negative energy resistance 1, electricity resistance, unbreathing,
petrification resistance, rot immunity, AC +4
a: no special abilities


You were on level 4 of the Dungeon.
You were not hungry.

You visited 1 branch of the dungeon, and saw 4 of its levels.

You collected 107 gold pieces.

Inventory:

Hand Weapons
 a - a +0 flail (weapon)
Missiles
 d - 2 throwing nets {!f}
 j - 103 stones
 p - 6 tomahawks (quivered)
 s - 2 javelins
 w - 33 poisoned needles
 C - 16 sling bullets
Armour
 b - a +0 leather armour (worn)
 c - a +0 helmet (worn)
 x - a +0 pair of boots (worn)
Jewellery
 o - a cursed ring of teleportation {unknown}
 q - an uncursed ring of protection from fire {unknown}
 B - an uncursed ring of stealth {unknown}
Wands
 v - a wand of iceblast (7)
Scrolls
 i - 2 scrolls of identify
 m - a scroll of fog {unknown}
 n - a scroll of teleportation
 r - a scroll of blinking {unknown}
 y - a scroll of enchant armour {unknown}
 z - a scroll of remove curse {unknown}
Potions
 e - 2 potions of lignification
 g - 4 potions of curing
 k - a potion of cancellation
 l - 3 potions of heal wounds
 t - a potion of might
 u - 3 potions of brilliance
Comestibles
 f - 4 rations
 A - 4 chunks of flesh


   Skills:
 + Level 4.3 Fighting
 + Level 4.5 Maces & Flails
 + Level 3.5 Throwing
 - Level 2.4 Dodging


You had 5 spell levels left.
You didn't know any spells.
Your spell library was empty.

Dungeon Overview and Level Annotations

Branches:
Dungeon (4/15)             Temple (0/1) D:4

Altars:
Nemelex Xobeh
The Shining One


Innate Abilities, Weirdness & Mutations

You are resistant to torment.
Your stone body is resilient. (AC +4)
You are immune to poison.
You resist negative energy. (rN+)
You are resistant to electric shocks. (rElec)
You can survive without breathing.
You are immune to petrification.
You are immune to rotting.


Message History

You butcher the iguana corpse.
A - 4 chunks of flesh (gained 1)
You see here an iguana skeleton.
Found 16 stones.
There is a stone staircase leading down here.
An ogre and a skeleton come into view.
The ogre shouts!
The ogre hits you with a +0 giant club!!
Ouch! That really hurt!
Found a leather armour.
The ogre hits you with a +0 giant club!
* * * LOW HITPOINT WARNING * * *
The ogre closely misses you. The hound skeleton barely misses you.
You hit the hound skeleton.
The hound skeleton is moderately damaged.
The hound skeleton closely misses you. x2
There is a stone staircase leading down here.
You barely miss the ogre.
The ogre hits you with a +0 giant club!!
You die...

********,##.###****,*
*,,....(.#....,,,,,,* *
#,*#..##.#...###***** *
#.*#..##.#..<#.###*,* ****
#.*#..##.#...#...,,,* ,,,*
#.##..##.#...#.####.#
,..###.....##.#...÷......#
,.[......#.##.###.########
,............>ZO@.#
*........##########
*####+#### * *,* * *,* *
*,* ** *,* ,* *,* ,** *,*


You could see an ogre and a hound skeleton.

Vanquished Creatures
  A sky beast (D:3)
  An iguana (D:4)
  3 gnolls (D:3)
  2 adders (D:3)
  3 dart slugs
  6 worms
  3 leopard geckos (D:2)
  An orc (D:3)
  2 giant cockroaches
  10 hobgoblins
  8 jackals
  5 kobolds
  2 quokkas (D:3)
  8 bats
  4 frilled lizards
  7 goblins
  6 rats
72 creatures vanquished.

Notes
Turn   | Place    | Note
-------+----------+-------------------------------------------
     0 | D:1      | Gumption the Gargoyle Gladiator began the quest for the
                  | Orb.
     0 | D:1      | Reached XP level 1. HP: 12/12 MP: 1/1
   245 | D:1      | Reached XP level 2. HP: 18/18 MP: 2/2
   506 | D:1      | Found a sparkling altar of Nemelex Xobeh.
   986 | D:2      | Reached XP level 3. HP: 22/22 MP: 3/3
  1413 | D:2      | Found a faded altar of an unknown god.
  1510 | D:2      | Reached XP level 4. HP: 28/28 MP: 4/4
  2015 | D:2      | Found a glowing golden altar of the Shining One.
  2397 | D:3      | Noticed a sky beast
  2422 | D:3      | Killed a sky beast
  2422 | D:3      | Reached XP level 5. HP: 18/33 MP: 5/5
  2968 | D:3      | Reached XP level 6. HP: 23/38 MP: 6/6
  3343 | D:4      | Mangled by an ogre

Skill      XL: |  1  2  3  4 |
---------------+-------------+-----
Throwing       | 2 3 |  3.5
Fighting       | 3 4 |  4.3
Maces & Flails | 4 |  4.5
Dodging        | |  2.4

Action                   |  1- 3 |  4- 6 || total
-------------------------+-------+-------++-------
Melee: Flail             |   100 |   134 ||   234
Throw: Stone             |    85 |       ||    85
       Tomahawk          |    19 |    37 ||    56
       Javelin           |       |     2 ||     2
       Throwing net      |       |     1 ||     1
  Use: Scroll            |       |     8 ||     8
  Eat: Chunk             |     2 |     6 ||     8
Armor: Leather armour    |    59 |    67 ||   126
Dodge: Dodged            |    96 |    81 ||   177
